 Dungeon Crawl Stone Soup version 0.29.0-7-g18a832c13a (webtiles) character file.

Game seed: 10227224640034593245

93 SensoryNuts the Slasher (level 4, -2/35 HPs)
             Began as a Demonspawn Fighter on Sept 1, 2022.
             Slain by Natasha (5 damage)
             ... on level 2 of the Dungeon.
             The game lasted 00:01:21 (1747 turns).

SensoryNuts the Slasher (Demonspawn Fighter)        Turns: 1747, Time: 00:01:22

Health: -2/35      AC:  6    Str: 17    XL:     4   Next: 36%
Magic:  4/4        EV:  9    Int:  9    God:
Gold:   61         SH:  9    Dex: 14    Spells: 3/3 levels left

rFire   . . .      SeeInvis .   a - +1 long sword
rCold   . . .      Faith    .   c - +0 buckler
rNeg    . . .      Spirit   .   b - +0 scale mail
rPois   .          Reflect  .   (no helmet)
rElec   .          Harm     .   (no cloak)
rCorr   .          Rampage  .   (no gloves)
Will    .....                   (no boots)
Stlth   ..........              (no amulet)
HPRegen 0.11/turn               (no ring)
MPRegen 0.18/turn               (no ring)

@: no status effects
A: large bone plates 1, magic regeneration, weakness stinger 1
a: no special abilities


You were on level 2 of the Dungeon.
You visited 1 branch of the dungeon, and saw 2 of its levels.

You collected 61 gold pieces.

Inventory:

Hand Weapons
 a - a +1 long sword (weapon)
Armour
 b - a +0 scale mail (worn)
 c - a +0 buckler (worn)
Jewellery
 h - a ring of fire
 j - a ring of resist corrosion
Scrolls
 e - a scroll of poison
 i - a scroll of identify
Potions
 d - 2 potions of might
 f - a potion of heal wounds {unknown}
 g - 2 potions of curing
 k - a potion of attraction {unknown}


   Skills:
 + Level 3.1 Fighting
 * Level 3.3 Long Blades
 + Level 3.1 Armour
 + Level 0.4 Dodging
 + Level 3.1 Shields


You had 3 spell levels left.
You didn't know any spells.
Your spell library was empty.

Dungeon Overview and Level Annotations

Branches:
Dungeon (2/15)

Altars:

Annotations:
D:2 Natasha


Innate Abilities, Weirdness & Mutations

You are partially covered in large bone plates. (SH +4)
You regenerate magic rapidly.
You have a small tail.


Message History

No target in view!
There is a strange disturbance nearby!
There is a strange disturbance nearby!
There is a strange disturbance nearby!
You slash something! Something claws you but does no damage.
You closely miss something. Something claws you but does no damage.
Something completely misses you.
You barely miss something. Something claws you.
Something claws you but does no damage.
You miss something. Something claws you. x2
You closely miss something.
You hear some strange, mumbled words.
Something tries to affect you, but you resist.
Something claws you.
You hit something.
You hear some strange, mumbled words.
A magic dart appears from out of thin air!
The magic dart hits you.
You hear some strange, mumbled words.
A magic dart appears from out of thin air!
The magic dart hits you.
You hit something but do no damage. Something claws you.
The crimson imp blinks!
You block something's attack.
Unknown command.
You closely miss something.
You hear some strange, mumbled words.
A magic dart appears from out of thin air!
The magic dart hits you.
You hit something.
You feel yourself speed up.
You hear some strange, mumbled words.
Something tries to affect you, but you resist.
Something claws you.
* * * LOW HITPOINT WARNING * * *
The crimson imp blinks!
You miss something. Something claws you!
* * * LOW HITPOINT WARNING * * *
You block something's attack.
You hit something but do no damage. Something claws you.
You die...

###...###### ###..
.........###########....
.....[.......††......#
..#......######....###
.........# #.#.## .#
.........# ##5#.# #.#
..#.##..## #....# #..#
..#.##...#####.#{###..#
..#.##.#.......#@#...#
.... #.#.......#...#
...# #......##..## ...
...........###### #
..##.^...........#
#.......#..#..##..
#.#<##....##.... #...
##.... ..#.. ###. #../..
.# .


You could see a crimson imp (summoned).

Vanquished Creatures
  Natasha (D:2)
  2 adders (D:2)
  A worm (D:2)
  A dart slug (D:1)
  2 endoplasms (D:1)
  A giant cockroach (D:2)
  4 goblins
  4 hobgoblins
  5 jackals (D:2)
  4 kobolds
  2 quokkas (D:2)
  6 ball pythons
  6 bats
  A frilled lizard (D:1)
  2 rats
42 creatures vanquished.

Notes
Turn   | Place    | Note
-------+----------+-------------------------------------------
     0 | D:1      | SensoryNuts the Demonspawn Fighter began the quest for the
                  | Orb.
     0 | D:1      | Reached XP level 1. HP: 18/18 MP: 1/1
   243 | D:1      | Gained mutation: You regenerate magic rapidly. [demonic
                  | ancestry]
   243 | D:1      | Reached XP level 2. HP: 18/24 MP: 2/2
   319 | D:1      | Found a faded altar of an unknown god.
  1242 | D:2      | Gained mutation: You are partially covered in large bone
                  | plates. (SH +4) [demonic ancestry]
  1242 | D:2      | Reached XP level 3. HP: 26/29 MP: 3/3
  1631 | D:2      | Noticed Natasha
  1635 | D:2      | Gained mutation: You have a small tail. [demonic ancestry]
  1635 | D:2      | Reached XP level 4. HP: 35/35 MP: 4/4
  1642 | D:2      | Killed Natasha
  1732 | D:2      | Noticed Natasha
  1747 | D:2      | Slain by Natasha

Illustrated notes

Levels and vault maps discovered:
D:1:      sevenhm_arrival_forest_fort_small_4, layout_rooms,
          shapermc_ecumenical_altar_hornbeckon
D:2:      layout_rooms, serial_glass, glass_columns_a, glass_columns_c,
          serial_shops, shop, kennysheep_pointless_box, nicolae_eternal_life,
          uniq_natasha

Skill      XL: |  1  2  3 |
---------------+----------+-----
Shields        | 3 |  3.1
Long Blades    | 2 3 |  3.3
Armour         | 3 |  3.1
Fighting       | |  3.1
Dodging        | |  0.4

Action                   |  1- 3 |  4- 6 || total
-------------------------+-------+-------++-------
Melee: Long sword        |   139 |    18 ||   157
  Use: Scroll            |     4 |       ||     4
Armor: Scale mail        |    69 |     4 ||    73
Dodge: Dodged            |    60 |     4 ||    64
Block: Buckler           |    46 |     8 ||    54
